 Dungeon Crawl Stone Soup version 0.17-a0-1582-ge6b0260 (webtiles) character file.

8183 karlkraus the Blocker (level 11, -4/95 HPs)
             Began as a Minotaur Fighter on July 28, 2015.
             Was an Elder of Qazlal.
             Slain by a 13-headed hydra (11 damage)
             ... on level 10 of the Dungeon.
             The game lasted 00:37:06 (7688 turns).

karlkraus the Blocker (Minotaur Fighter)            Turns: 7688, Time: 00:37:08

Health: -4/95      AC: 18    Str: 32    XL:     11   Next: 6%
Magic:  8/8        EV: 17    Int: 13    God:    Qazlal [****..]
Gold:   87         SH: 19    Dex: 12    Spells: 0 memorised, 10 levels left

rFire  x . .     SeeInvis +     g - +1 falchion "Yxzeubuv" {vamp, -Tele rElec Int+6 Dex+2}
rCold  + + .     Clarity  +     r - +0 ice dragon armour
rNeg   + . .     SustAt   .     c - +0 shield
rPois  +         Gourm    .     (helmet restricted)
rElec  +         Spirit   .     (no cloak)
rCorr  .         Warding  +     D - +0 pair of gloves
rMut   .         NoTele   +     y - +1 pair of boots "Satufe" {rPois Str+3 Slay+2}
MR     .....                    G - amulet of warding
Stlth  ..........               E - +4 ring of evasion
                                B - ring of see invisible

@: mighty, very slightly contaminated, repel missiles, invisible, not resistant
to hostile enchantments, extremely unstealthy
A: retaliatory headbutt, horns 2, yellow scales 1, blink 1, clarity, clever 1,
low mp 1, screaming 1, slow healing 1, spit poison 1, teleportitis 1
a: Spit Poison, Blink, Upheaval, Elemental Force, Renounce Religion


You were on level 10 of the Dungeon.
You worshipped Qazlal.
Qazlal was greatly pleased with you.
You were very hungry.

You visited 2 branches of the dungeon, and saw 12 of its levels.

You collected 567 gold pieces.
You spent 480 gold pieces at shops.

Inventory:

Hand weapons
 g - the +1 falchion "Yxzeubuv" (weapon) {vamp, -Tele rElec Int+6 Dex+2}
   (You found it on level 7 of the Dungeon)

   It inflicts no extra harm, but heals its wielder somewhat when it strikes a
   living foe.
   It affects your intelligence (+6).
   It affects your dexterity (+2).
   It insulates you from electricity.
   It prevents most forms of teleportation.
 A - a +1 falchion of holy wrath
Armour
 c - a +0 shield (worn)
 r - a +0 ice dragon armour (worn)
 y - the +1 pair of boots "Satufe" (worn) {rPois Str+3 Slay+2}
   (You found it on level 4 of the Dungeon)

   It affects your strength (+3).
   It affects your accuracy and damage with ranged weapons and melee attacks
   (+2).
   It protects you from poison.
 D - a +0 pair of gloves (worn)
Jewellery
 B - a ring of see invisible (left hand)
 C - an uncursed ring of fire
 E - a +4 ring of evasion (right hand)
 G - an amulet of warding (around neck)
Magical devices
 q - a wand of magic darts (6)
Scrolls
 a - a scroll of magic mapping
 i - 4 scrolls of teleportation
 s - a scroll of silence
 u - 5 scrolls of remove curse
 K - a scroll of holy word
Potions
 d - 4 potions of might
 f - 4 potions of curing {unknown}
 k - 2 potions of heal wounds {unknown}
 l - a potion of beneficial mutation {unknown}
 m - a potion of resistance {unknown}
 p - 5 potions of lignification
 t - a potion of magic
 v - a potion of invisibility
 w - 2 potions of brilliance
 F - 2 potions of poison {unknown}
 I - a potion of flight
Miscellaneous
 b - a phial of floods
Comestibles
 e - 8 bread rations
 h - 31 fruits
 o - 2 beef jerkies
 x - 7 meat rations


   Skills:
 + Level 8.7 Fighting
 + Level 9.4 Long Blades
 + Level 9.4 Armour
 + Level 6.4 Dodging
 + Level 1.3 Stealth
 + Level 12.3 Shields


You had 10 spell levels left.
You didn't know any spells.

Dungeon Overview and Level Annotations

Branches:
Dungeon (11/15)            Temple (1/1) D:5            Lair (0/8) D:10
    Orc: D:9-12

Altars:
Ashenzari
Cheibriados
Dithmenos
Elyvilon
Fedhas
Gozag
Kikubaaqudgha
Makhleb
Nemelex Xobeh
Okawaru
Qazlal
Ru
Sif Muna
Trog
Vehumet
Xom
Yredelemnul
Zin
The Shining One

Shops:
D:8 }


Innate Abilities, Weirdness & Mutations

You reflexively headbutt those who attack you in melee.
You have a pair of horns on your head.
You are partially covered in yellow scales (AC +2).
You can translocate small distances at will.
You possess an exceptional clarity of mind.
Your mind is acute. (Int +2)
Your magical capacity is low (-10% MP).
You occasionally shout uncontrollably at your foes.
You heal slowly when monsters are visible.
You can spit weak poison.
You are occasionally teleported to nearby monsters.


Message History

* * * LOW HITPOINT WARNING * * *
The 13-headed hydra bites you.
* * * LOW HITPOINT WARNING * * *
You block the 13-headed hydra's attack. x3
The 13-headed hydra bites you.
* * * LOW HITPOINT WARNING * * *
You block the 13-headed hydra's attack.
The 13-headed hydra completely misses you.
You block the 13-headed hydra's attack. The 13-headed hydra barely misses you.
The 13-headed hydra bites you.
* * * LOW HITPOINT WARNING * * *
The 13-headed hydra misses you. You block the 13-headed hydra's attack.
The 13-headed hydra completely misses you.
The 13-headed hydra misses you.
The 13-headed hydra completely misses you.
You block the 13-headed hydra's attack.
The 13-headed hydra bites you but does no damage. x3
You block the 13-headed hydra's attack. The 13-headed hydra bites you!
You die...

#.....#......#..#......#..#.
#.....#).....#..#......#..#.
#.....#......#..#......#..#.
#.....#'######..'......#..#.
#...............#......#..#.
#......(........########..#.
#...................§.....#.
#.........§§§.............##
#.....§§.##@######..........
#........#..D.>..#..........
#........#...)...+..........
#........#.§.....#..........
#........#.......#..........
#........+.......#..........
#........####....'..........
#...........######..........
#<..........................


You could see a 13-headed hydra.

Vanquished Creatures
  A centaur warrior (D:9)
  Pikel (D:8)
  A two-headed ogre (D:10)
  A troll (D:7)
  6 yaks (D:10)
  A hippogriff (D:8)
  A wyvern (D:8)
  Grum (D:8)
  3 wolves (D:8)
  Menkaure (D:3)
  2 wargs (D:10)
  2 sky beasts
  4 orc warriors
  A water moccasin (D:5)
  3 ice beasts
  A slave (D:8)
  A necrophage (D:7)
  An eye of draining (D:8)
  2 ogres
  6 centaurs
  Blork the orc (D:3)
  A big kobold (D:9)
  3 giant frogs
  2 scorpions
  2 wyvern skeletons
  3 wights (D:6)
  7 killer bees (D:10)
  A crimson imp (D:7)
  A centaur zombie (D:5)
  A giant frog zombie (D:10)
  2 jellies
  2 centaur skeletons (D:10)
  Ijyb (D:2)
  8 hounds
  9 orc priests
  2 iguanas
  2 gnoll shamans
  6 worker ants
  4 orc wizards
  A hound zombie (D:6)
  A hound skeleton (D:8)
  Robin (D:2)
  19 gnolls
  12 adders
  An adder skeleton (D:4)
  2 worms
  9 giant geckos
  26 orcs
  A ball python (D:3)
  A bat skeleton (D:6)
  34 goblins
  19 hobgoblins
  21 jackals
  6 quokkas
  14 bats
  4 giant cockroaches
  A giant gecko skeleton (D:4)
  4 giant newts
  14 kobolds
  13 rats
302 creatures vanquished.

Vanquished Creatures (others)
  A sky beast (D:8)
  A jelly (D:8)
2 creatures vanquished.

Grand Total: 304 creatures vanquished

Notes
Turn   | Place    | Note
--------------------------------------------------------------
     0 | D:1      | karlkraus the Minotaur Fighter began the quest for the Orb.
     0 | D:1      | Reached XP level 1. HP: 19/19 MP: 0/0
    76 | D:1      | Reached XP level 2. HP: 27/27 MP: 1/1
   247 | D:1      | Reached skill level 4 in Fighting
   709 | D:2      | Reached XP level 3. HP: 29/34 MP: 2/2
   722 | D:2      | Noticed Ijyb
   733 | D:2      | Killed Ijyb
   835 | D:2      | Reached XP level 4. HP: 36/41 MP: 3/3
  1016 | D:2      | Noticed Robin
  1066 | D:2      | Killed Robin
  1202 | D:2      | Reached skill level 1 in Dodging
  1260 | D:2      | Found a bloodstained altar of Trog.
  1570 | D:3      | Reached skill level 5 in Fighting
  1629 | D:3      | Reached XP level 5. HP: 42/48 MP: 4/4
  1986 | D:4      | Noticed Blork the orc
  1986 | D:4      | Noticed Menkaure
  1990 | D:3      | Killed Menkaure
  1990 | D:3      | Reached skill level 5 in Shields
  1990 | D:3      | Reached XP level 6. HP: 53/56 MP: 5/5
  2002 | D:3      | Killed Blork the orc
  2002 | D:3      | Reached skill level 5 in Armour
  2273 | D:4      | Got a pair of slimy boots
  2522 | D:4      | Reached XP level 7. HP: 44/61 MP: 6/6
  2540 | D:4      | Identified the +1 pair of boots "Satufe" {rPois Str+3 Slay+2} (You found it on level 4 of the Dungeon)
  2768 | D:5      | Entered Level 5 of the Dungeon
  2919 | D:5      | Found a staircase to the Ecumenical Temple.
  2930 | Temple   | Entered the Ecumenical Temple
  2940 | Temple   | Became a worshipper of Qazlal Stormbringer
  3389 | D:5      | Reached skill level 6 in Armour
  3819 | D:6      | Reached XP level 8. HP: 70/70 MP: 7/7
  3847 | D:6      | Acquired Qazlal's first power
  4366 | D:6      | Reached skill level 5 in Long Blades
  4396 | D:6      | Reached skill level 5 in Dodging
  4396 | D:6      | Reached skill level 7 in Shields
  4631 | D:6      | Acquired Qazlal's second power
  4783 | D:7      | Reached skill level 8 in Shields
  4783 | D:7      | Reached XP level 9. HP: 72/78 MP: 8/8
  4861 | D:7      | Noticed a troll
  4871 | D:7      | Killed a troll
  5145 | D:7      | Got a jewelled falchion
  5199 | D:8      | Noticed Grum
  5214 | D:8      | Reached skill level 9 in Shields
  5227 | D:8      | Killed Grum
  5240 | D:8      | Identified the +1 falchion "Yxzeubuv" {vamp, -Tele rElec Int+6 Dex+2} (You found it on level 7 of the Dungeon)
  5593 | D:8      | Acquired Qazlal's third power
  5593 | D:8      | Reached skill level 10 in Shields
  5695 | D:8      | Found Vast's Gadget Emporium.
  5704 | D:8      | Bought a phial of floods for 480 gold pieces
  5735 | D:8      | Noticed Pikel
  5752 | D:8      | Killed Pikel
  5752 | D:8      | Reached XP level 10. HP: 86/88 MP: 9/9
  6158 | D:9      | Gained mutation: Your mind is acute. (Int +2) [mutagenic meat]
  6159 | D:9      | Gained mutation: You are robust (+10% HP). [mutagenic meat]
  6160 | D:9      | Gained mutation: You are partially covered in yellow scales (AC +2). [mutagenic meat]
  6161 | D:9      | Lost mutation: You are robust (+10% HP). [mutagenic meat]
  6162 | D:9      | Gained mutation: You heal slowly when monsters are visible. [mutagenic meat]
  6167 | D:9      | Noticed a centaur warrior
  6178 | D:9      | Killed a centaur warrior
  6178 | D:9      | Reached skill level 1 in Stealth
  6739 | D:9      | Found a sacrificial altar of Ru.
  6745 | D:9      | Found a shimmering altar of Xom.
  6746 | D:9      | Found an iron altar of Okawaru.
  6869 | D:10     | Entered Level 10 of the Dungeon
  6872 | D:10     | Reached skill level 11 in Shields
  7037 | D:10     | Acquired Qazlal's fourth power
  7100 | D:10     | Reached skill level 12 in Shields
  7169 | D:10     | Gained mutation: You do not heal naturally when monsters are visible. [potion of mutation]
  7169 | D:10     | Gained mutation: You possess an exceptional clarity of mind. [potion of mutation]
  7169 | D:10     | Gained mutation: You can translocate small distances at will. [potion of mutation]
  7170 | D:10     | Gained mutation: You are occasionally teleported to nearby monsters. [potion of mutation]
  7170 | D:10     | Gained mutation: Your magical capacity is low (-10% MP). [potion of mutation]
  7170 | D:10     | Gained mutation: You occasionally shout uncontrollably at your foes. [potion of mutation]
  7171 | D:10     | Gained mutation: You can spit weak poison. [potion of mutation]
  7171 | D:10     | Lost mutation: You do not heal naturally when monsters are visible. [potion of mutation]
  7193 | D:10     | Found a staircase to the Lair.
  7444 | D:10     | Reached XP level 11. HP: 95/95 MP: 8/8
  7669 | D:11     | Noticed an eight-headed hydra
  7688 | D:10     | Slain by a 13-headed hydra

Vault maps used:
D:1:      dpeg_arrival_renting
D:2:      kennysheep_goblin_castle, lightli_temple_of_fire, uniq_iyjb
D:4:      uniq_robin, uniq_blork_the_orc, uniq_menkaure
D:5:      minmay_temple_entry_butterflies, first_bread, minmay_ogre_servants
D:8:      serial_shops, shop, uniq_grum, uniq_pikel
D:9:      minitemple, blue_anna_alchemist
D:10:     erik_lair_orcish_takeover
D:11:     hiddenorc1_lemuel, serial_shops, shop
Temple:   nicolae_temple_no_exploring_needed

Action                   |  1- 3 |  4- 6 |  7- 9 | 10-12 || total
-------------------------+-------+-------+-------+-------++-------
Melee: Long sword        |    59 |   211 |   291 |       ||   561
       Falchion          |       |       |    74 |   237 ||   311
  Use: Scroll            |       |     1 |    16 |     6 ||    23
       Potion            |       |     1 |       |     5 ||     6
  Eat: Chunk             |       |     5 |    12 |    10 ||    27
       Beef jerky        |       |       |     2 |       ||     2
       Pizza             |       |       |     1 |       ||     1
